Map: Golden Wall LE

Players

IIIIIIIIIIII - Winner!

  • Race: Zerg Zerg
  • League: Grandmaster
  • Spawn Location: 5:00

PattyMac

  • Race: Protoss Protoss
  • League: Grandmaster
  • Spawn Location: 7:00

VOD

Have the link to the VOD?

Description

Time

  • Played on: April 7, 2020, 9:57 p.m.
  • Length: 7:37
Show
View Real Time Build Order
Export as new Build Order

IIIIIIIIIIII Zerg - Winner!

Build Orders: Hatch First 

Get SALT Encoding   

  12  0:07  Drone  
  12  0:14  Overlord  
  13  0:20  Drone  
  14  0:35  Drone x2  
  16  0:55  Hatchery  
  15  0:59  Drone  
  15  1:02  Drone  
  17  1:09  Drone  
  18  1:15  Extractor  
  17  1:24  Spawning Pool  
  16  1:32  Drone x2  
  18  1:44  Drone  
  19  1:53  Overlord  
  19  2:11  Queen x2  
  23  2:21  Zergling x2  
  23  2:22  Zergling x2  
  25  2:24  Zergling x2  
  25  2:28  Metabolic Boost  
  26  2:39  Drone x3  
  26  2:42  Zergling x2  
  30  2:52  Overlord  
  30  2:57  Roach Warren  
  27  3:33  Zergling x16, Roach Warren  
  32  3:41  Queen  
  32  4:03  Zergling x12  
  38  4:23  Roach  
  38  4:24  Roach  
  42  4:29  Roach  
  44  4:32  Overlord  
  44  4:57  Roach x4  
  52  5:07  Ravager  
  52  5:11  Ravager  
  46  5:43  Zergling x10  
  47  6:11  Zergling x8  
  43  6:43  Zergling x12  
  34  7:32  Ravager  
Show
View Real Time Build Order
Export as new Build Order

PattyMac Protoss 

Build Orders: 1 Gate Expand 

Get SALT Encoding   

  12  0:00  Probe  
  13  0:13  Pylon  
  13  0:17  Probe (Chrono Boost)  
  14  0:27  Probe (Chrono Boost)  
  15  0:32  Probe (Chrono Boost)  
  16  0:44  Probe  
  17  0:51  Gateway  
  17  0:53  Assimilator  
  17  0:56  Probe  
  18  1:08  Probe  
  19  1:20  Probe  
  20  1:29  Nexus  
  20  1:40  Cybernetics Core  
  20  1:43  Probe  
  21  1:49  Assimilator  
  21  1:55  Probe  
  21  2:00  Pylon  
  22  2:07  Probe  
  23  2:16  Adept (Chrono Boost)  
  23  2:17  Warp Gate  
  25  2:23  Probe  
  25  2:27  Robotics Facility  
  26  2:36  Adept (Chrono Boost)  
  27  2:38  Probe (Chrono Boost)  
  27  2:41  Probe (Chrono Boost)  
  31  2:52  Probe x2 (Chrono Boost)  
  32  2:59  Stalker  
  32  3:00  Pylon  
  32  3:03  Probe  
  35  3:10  Probe  
  36  3:15  Probe  
  37  3:22  Probe  
  37  3:23  Gateway  
  38  3:30  Pylon  
  37  3:34  Probe (Chrono Boost)  
  37  3:35  Probe (Chrono Boost)  
  38  3:41  Warp Prism  
  41  3:50  Probe (Chrono Boost)  
  41  3:52  Probe (Chrono Boost)  
  42  3:58  Gateway  
  42  4:01  Probe  
  41  4:05  Probe  
  42  4:13  Probe  
  42  4:14  Assimilator  
  42  4:16  Pylon  
  42  4:18  Adept  
  42  4:19  Adept  
  46  4:26  Twilight Council  
  46  4:28  Assimilator  
  46  4:29  Pylon  
  46  4:34  Probe, Observer (Chrono Boost)  
  48  4:43  Probe  
  49  4:52  Probe  
  50  4:55  Sentry x2, Probe  
  50  4:57  Immortal  
  59  5:01  Forge  
  59  5:15  Probe  
  59  5:17  Stalker  
  59  5:20  Shield Battery  
  62  5:22  Shield Battery  
  62  5:27  Pylon  
  62  5:31  Gateway  
  62  5:32  Pylon  
  62  5:34  Pylon  
  62  5:49  Gateway  
  62  5:52  Gateway, Pylon  
  62  5:55  Gateway  
  62  6:02  Zealot  
  62  6:03  Zealot x2  
  66  6:19  Immortal (Chrono Boost)  
  62  6:49  Zealot  
  62  6:50  Zealot  
  46  7:03  Zealot x2  
  39  7:27  Zealot  
Tags
 
Add a new tag
Caveats
  • Supply blocks, unpowered buildings, or Contaminate may cause inaccurate times.
  • Supply counts are checked every 10 seconds.